 Dungeon Crawl Stone Soup version 0.21.1-1-g345015f (webtiles) character file.

555 kae the Geomancer (level 7, -2/36 HPs)
             Began as a Gargoyle Earth Elementalist on May 3, 2018.
             Slain by t7DKbSm's ghost (11 damage)
             ... on level 4 of the Dungeon.
             The game lasted 00:03:52 (3993 turns).

kae the Geomancer (Gargoyle Earth Elementalist)     Turns: 3993, Time: 00:03:53

Health: -2/36      AC:  8    Str: 11    XL:     7   Next: 30%
Magic:  13/13      EV: 12    Int: 18    God:
Gold:   105        SH:  0    Dex: 10    Spells: 10/14 levels left

rFire    . . .     SeeInvis .   w - +1 falchion (venom)
rCold    . . .     Gourm    .   (no shield)
rNeg     + . .     Faith    .   c - +1 robe
rPois    ∞         Spirit   .   (no helmet)
rElec    +         Reflect  .   s - +0 cloak
rCorr    .         Harm     .   (no gloves)
MR       .....                  (no boots)
Stlth    +.........             (no amulet)
HPRegen  0.12/turn              x - ring of loudness (curse)
MPRegen  0.13/turn              (no ring)

@: no status effects
A: negative energy resistance 1, electricity resistance, unbreathing,
petrification resistance, rot immunity, AC +4
a: no special abilities


You were on level 4 of the Dungeon.
You were not hungry.

You visited 1 branch of the dungeon, and saw 4 of its levels.

You collected 105 gold pieces.

Inventory:

Hand Weapons
 k - a +0 club
 w - a +1 falchion of venom (weapon)
Missiles
 b - 57 stones (quivered)
 u - a throwing net
Armour
 c - a +1 robe (worn)
 s - a +0 cloak (worn)
Jewellery
 n - an uncursed amulet of harm
 x - a cursed ring of loudness (left hand)
Wands
 j - a wand of digging (10)
 r - a wand of acid (2)
Scrolls
 f - a scroll of magic mapping
 h - 2 scrolls of teleportation
 p - 2 scrolls of remove curse
 q - a scroll of amnesia
 t - a scroll of enchant armour
Potions
 a - a potion of lignification
 g - 4 potions of curing
 i - a potion of resistance
 l - 3 potions of heal wounds
 m - 3 potions of haste
 v - a potion of cancellation
Books
 e - a book of Geomancy

   Spells                             Type                      Level
   a - Sandblast                      Earth                        1
   b - Passwall                       Transmutation/Earth          2
   c - Stone Arrow                    Conjuration/Earth            3
   d - Petrify                        Transmutation/Earth          4
   e - Lee's Rapid Deconstruction     Earth                        5
Comestibles
 d - 6 rations
 o - a chunk of flesh


   Skills:
 - Level 1.5 Dodging
 - Level 2.1 Stealth
 + Level 4.3 Spellcasting
   Level 0.7 Transmutations
 * Level 8.3 Earth Magic


You had 10 spell levels left.
You knew the following spells:

 Your Spells              Type           Power        Failure   Level  Hunger
a - Sandblast             Erth           ####..       1%          1    None
b - Stone Arrow           Conj/Erth      ###...       8%          3    ###....


Dungeon Overview and Level Annotations

Branches:
Dungeon (4/15)
 Temple: D:4-7

Altars:
Ru
Vehumet

Annotations:
D:4 t7DKbSm's ghost, amateur MiFi


Innate Abilities, Weirdness & Mutations

You are resistant to torment.
Your stone body is resilient. (AC +4)
You are immune to poison.
You resist negative energy. (rN+)
You are resistant to electric shocks. (rElec)
You can survive without breathing.
You are immune to petrification.
You are immune to rotting.


Message History

You barely miss the adder.
The adder is lightly wounded.
The adder bites you.
T7DKbSm's ghost says, "I am made of steel!"
T7DKbSm's ghost hits you but does no damage.
The adder bites you.
You hit the adder.
The adder is heavily wounded.
The adder bites you. T7DKbSm's ghost closely misses you.
You hit the adder.
The adder is poisoned.
The adder is almost dead.
You kill the adder!
T7DKbSm's ghost hits you!
You are too injured to fight recklessly!
You are too injured to fight recklessly!
You are too injured to fight recklessly!
T7DKbSm's ghost hits you!
* * * LOW HITPOINT WARNING * * *
T7DKbSm's ghost hits you!
You die...

*.##.#..........#.......,,,*,,*,,
#.##.#..................,,,,,,*,,
..##.#.#.#.###......###.,,,,,,*,,
####.#.#.#.# #......# *,,,,,,,*,,
)..........# #......# *,,,,*,,,,,
####.#.....# ##.#######.,,,*,,*,,
.......#.#.# #.........,,,,,>*,,
####.#.#.#.#**#..######.,,,**,*,,
#.#.#.#.#*,#.@.# *,,,,,*,*,,
#.#.#.#.##.##W.# *,,,,,*,*,,
####.#.#.#.#......# **,*,,*,*,,
.........#.##.##.## *,*,,*,***
####.#.###.##,*#.# *,*,,*,,,,
#.#.###.#*,*#.#******,*,,*****
#.#.....#*,,...,,,,,,,,,,,,,,,
#.#######***#.#******,*,,,,,**
#..,,,,,,,,,..# *,**,,**,,


You could see t7DKbSm's ghost.

Vanquished Creatures
  Grinder (D:3)
  Eustachio (D:4)
  A bullfrog skeleton (D:2)
  Crazy Yiuf (D:2)
  Robin (D:4)
  4 gnolls (D:3)
  3 adders
  An ooze (D:1)
  A worm (D:2)
  2 dart slugs (D:1)
  5 leopard geckos
  2 orcs (D:3)
  5 giant cockroaches (D:1)
  17 goblins
  6 hobgoblins
  6 kobolds
  A quokka (D:4)
  7 bats
  6 frilled lizards
  A jackal skeleton (D:4)
  6 rats
78 creatures vanquished.

Notes
Turn   | Place    | Note
-------+----------+-------------------------------------------
     0 | D:1      | kae the Gargoyle Earth Elementalist began the quest for the Orb.
     0 | D:1      | Reached XP level 1. HP: 10/10 MP: 3/3
    20 | D:1      | Reached skill level 4 in Earth Magic
   147 | D:1      | Reached XP level 2. HP: 9/15 MP: 3/5
   614 | D:1      | Reached XP level 3. HP: 12/19 MP: 1/6
   739 | D:1      | Learned a level 3 spell: Stone Arrow
  1527 | D:2      | Reached skill level 5 in Earth Magic
  1625 | D:2      | Reached XP level 4. HP: 13/24 MP: 5/8
  2544 | D:2      | Found a runed door.
  2639 | D:2      | Noticed Crazy Yiuf
  2646 | D:2      | Killed Crazy Yiuf
  2646 | D:2      | Reached skill level 6 in Earth Magic
  2646 | D:2      | Reached XP level 5. HP: 20/28 MP: 2/9
  2965 | D:3      | Noticed Grinder
  2972 | D:3      | Killed Grinder
  2972 | D:3      | Reached skill level 7 in Earth Magic
  2972 | D:3      | Reached XP level 6. HP: 32/32 MP: 1/12
  3453 | D:3      | Found a sacrificial altar of Ru.
  3594 | D:4      | Noticed Robin
  3612 | D:4      | Killed Robin
  3754 | D:4      | Noticed Eustachio
  3846 | D:4      | Killed Eustachio
  3846 | D:4      | Reached skill level 8 in Earth Magic
  3846 | D:4      | Reached XP level 7. HP: 35/36 MP: 5/13
  3931 | D:4      | Found a radiant altar of Vehumet.
  3988 | D:4      | Noticed t7DKbSm's ghost (amateur MiFi)
  3993 | D:4      | Slain by t7DKbSm's ghost

Skill      XL: |  1  2  3  4  5  6 |
---------------+-------------------+-----
Earth Magic    | 4 5 6 7 8 |  8.3
Spellcasting   | 3 4 |  4.3
Dodging        | |  1.5
Stealth        | |  2.1
Transmutations | |  0.7

Action                   |  1- 3 |  4- 6 |  7- 9 || total
-------------------------+-------+-------+-------++-------
Melee: Unarmed           |    98 |       |       ||    98
       Club              |    27 |    52 |       ||    79
       Falchion          |       |    34 |     4 ||    38
 Cast: Sandblast         |    30 |    45 |     1 ||    76
       Stone Arrow       |       |     2 |       ||     2
  Use: Scroll            |       |    14 |       ||    14
 Stab: Sleeping          |     4 |     2 |       ||     6
  Eat: Chunk             |     3 |     7 |     1 ||    11
Armor: Robe              |    47 |    67 |     3 ||   117
Dodge: Dodged            |    92 |   106 |     2 ||   200
       Rpst.: Falchion   |       |    12 |     1 ||    13
